 Dungeon Crawl Stone Soup version 0.29-a0-559-g359e09b9d1 (webtiles) character file.

Game seed: 14076159912879206467

2 RancidPinata the Sneak (level 1, -1/14 HPs)
             Began as an Octopode Brigand on June 10, 2022.
             Slain by a giant cockroach (2 damage)
             ... on level 1 of the Dungeon.
             The game lasted 00:01:06 (110 turns).

RancidPinata the Sneak (Octopode Brigand)            Turns: 110, Time: 00:01:07

Health: -1/14      AC:  1    Str: 10    XL:     1   Next: 40%
Magic:  1/1        EV: 12    Int: 13    God:
Gold:   0          SH:  0    Dex: 13    Spells: 0/0 levels left

rFire   . . .      SeeInvis .   a - +2 dagger
rCold   . . .      Faith    .   (no shield)
rNeg    . . .      Spirit   .   (helmet restricted)
rPois   .          Reflect  .   (no amulet)
rElec   .          Harm     .   (no ring)
rCorr   .          Rampage  .   (no ring)
Will    .....                   (no ring)
Stlth   ++++......              (no ring)
HPRegen 0.04/turn               (no ring)
MPRegen 0.07/turn               (no ring)
                                (no ring)
                                (no ring)

@: no status effects
A: almost no armour, amphibious, 8 rings, camouflage 1, gelatinous body 1,
(nimble swimmer 1), tentacles
a: no special abilities


You were on level 1 of the Dungeon.
You visited 1 branch of the dungeon, and saw 1 of its levels.

Inventory:

Hand Weapons
 a - a +2 dagger (weapon)
Missiles
 b - 9 poisoned darts (quivered)
 c - 3 curare-tipped darts
Scrolls
 d - a scroll of vulnerability {unknown}
 e - a scroll of poison {unknown}
 f - a scroll of teleportation {unknown}


   Skills:
 * Level 2.0 Fighting
 + Level 2.0 Short Blades
 + Level 2.0 Throwing
 * Level 1.1 Dodging
 * Level 5.3 Stealth


You couldn't memorise any spells.
You didn't know any spells.
Your spell library contained the following spells:

 Spells                   Type           Power      Damage    Failure   Level
 Malign Gateway           Summ/Tloc      0%         N/A       100%        7
 Summon Horrible Things   Summ           0%         N/A       100%        8


Dungeon Overview and Level Annotations

Branches:
Dungeon (1/15)

Altars:


Innate Abilities, Weirdness & Mutations

You cannot wear most types of armour.
You are amphibious.
You can wear up to eight rings at the same time.
Your skin changes colour to match your surroundings (Stealth+).
Your rubbery body absorbs attacks. (AC +1, EV +1)
((You are camouflaged when in or above water. (Stealth+)))
You have tentacles for arms and can constrict up to eight enemies at once.


Message History

Found a Grand Grimoire.
A ball python comes into view.
A kobold comes into view. It is wielding a +0 dagger.
The kobold shouts!
You see here a Grand Grimoire.
You pick up a Grand Grimoire and begin reading...
You add the spells Malign Gateway and Summon Horrible Things to your library.
The kobold throws a stone.
The stone barely misses you.
A goblin comes into view. It is wielding a +0 club.
The kobold throws a stone.
The stone closely misses you.
The kobold throws a stone.
The stone barely misses you.
The kobold throws a stone.
The stone hits you.
The kobold throws a stone.
The stone hits you.
The kobold throws a stone.
The stone hits you. The kobold hits you with a +0 dagger.
The ball python hisses angrily.
The kobold shouts!
You hit the kobold. You grab the kobold. You squeeze the kobold.
You kill the kobold!
Things that are here:
a +0 dagger; 4 stones; a kobold corpse The ball python barely misses you.
The ball python misses you. The ball python bites you.
The ball python grabs you. The ball python constricts you.
* * * LOW HITPOINT WARNING * * *
You escape the ball python's grasp.
The giant cockroach barely misses you.
The ball python attacks as you move away!
The ball python barely misses you.
The giant cockroach attacks as you move away!
The giant cockroach misses you.
The giant cockroach completely misses you.
The giant cockroach attacks as you move away!
The giant cockroach closely misses you. The ball python bites you.
* * * LOW HITPOINT WARNING * * *
The ball python completely misses you.
The ball python attacks as you move away!
The ball python barely misses you.
The giant cockroach attacks as you move away!
The giant cockroach bites you.
You die...

#. #..#........##. #. #
#.##.........#.... #.##
#......##.....# +#+.'#
#.##.#####..#.## #.###. #.
#.# #..#.# #.'#'. #. ##.##
#..#.# #.## #
###...####..#.#########.'.
#.....K.S...#.........###.
#.#.....B@........####.##<
..###.##....######## #.###
### #.##..#### #.#..
...#.#.# #.... ........#
#.... ##....#### ##...
##### ##.. ##. ##


You could see a giant cockroach, a ball python and a kobold.

Vanquished Creatures
  A giant cockroach (D:1)
  A kobold (D:1)
2 creatures vanquished.

Notes
Turn   | Place    | Note
-------+----------+-------------------------------------------
     0 | D:1      | RancidPinata the Octopode Brigand began the quest for the
                  | Orb.
     0 | D:1      | Reached XP level 1. HP: 14/14 MP: 1/1
   110 | D:1      | Slain by a giant cockroach

Illustrated notes

Levels and vault maps discovered:
D:1:      erik_arrival_triangle_medium, layout_loops_ring,
          hellmonk_ecumenical_altar_blasted

Action                   || total
-------------------------++-------
Melee: Dagger            ||     2
       Tentacles         ||     2
       Constrict         ||     1
Dodge: Dodged            ||    13

Table legend: (Time is in decaauts)
 A = Elapsed time spent in this place.
 B = Non-inter-level travel time spent in this place.
 C = Inter-level travel time spent in this place.
 D = Time resting spent in this place.
 E = Time spent auto-exploring this place.
 F = Levels seen in this place.
 G = Mean time per level.
                   A        B        C        D        E       F      G
               +--------+--------+--------+--------+--------+-----+--------+
         Total |    109 |    109 |      0 |      0 |     32 |   1 |  109.0 |
       Dungeon |    109 |    109 |      0 |      0 |     32 |   1 |  109.0 |
               +--------+--------+--------+--------+--------+-----+--------+

Top non-repeatable levels by time:
     D:1: 109 daAuts
